 Dungeon Crawl Stone Soup version 0.31-a0-963-ga325b2283a (webtiles) character file.

Game seed: 9311905588508398765

5148 Armakuni the Slicer (level 10, -2/74 HPs)
             Began as a Human Wanderer on Oct 24, 2023.
             Was an Initiate of Gozag.
             Slain by a cyan ugly thing (17 damage)
             ... on level 8 of the Dungeon on Oct 25, 2023.
             The game lasted 00:17:32 (7566 turns).

Armakuni the Slicer (Human Wanderer)                Turns: 7566, Time: 00:17:33

Health: -2/74      AC: 10    Str: 11 (12) XL:     10   Next: 89%
Magic:  13/13      EV: 15    Int: 11 (12) God:    Gozag
Gold:   686        SH:  0    Dex: 16 (18) Spells: 12/13 levels left

rFire   . . .        a - +0 rapier (drain)
rCold   . . .        (no shield)
rNeg    . . .        r - +0 steam dragon scales
rPois   .            (no helmet)
rElec   .            w - +0 cloak
rCorr   .            (no gloves)
SInv    +            (no boots)
Will    .....        (no amulet)
Stlth   ++++         A - +4 ring of protection
HPRegen 0.32/turn    V - ring of see invisible
MPRegen 0.13/turn

%: no passive effects
@: no status effects
A: no striking features
a: Renounce Religion, Potion Petition, Call Merchant, Bribe Branch


You were on level 8 of the Dungeon.
You worshipped Gozag.
Gozag was pleased with you.
You visited 2 branches of the dungeon, and saw 9 of its levels.
You also visited: Sewer.

You collected 785 gold pieces.
You paid 99 gold pieces to Gozag.

Inventory:

Hand Weapons
 a - a +0 rapier of draining (weapon)
 b - the +4 dagger of Earthquakes {pain, rPois rN+}
   (You found it on level 2 of the Dungeon)

   rPois:     It protects you from poison rN+: It protects you from negative
   energy.
Missiles
 p - 6 curare-tipped darts
Armour
 d - a +1 leather armour
 m - a +1 scale mail of willpower
 q - the orb of Misiolic {mayhem, rElec}
   (You found it on level 2 of the Dungeon)

   rElec:     It insulates you from electricity.
 r - +0 steam dragon scales (worn)
 w - a +0 cloak (worn)
 D - a +0 buckler
Magical Staves
 x - the staff "Tuomn" {Fly rPois MP+9 Ice Poison}
   (You found it on level 4 of the Dungeon)

   [staff of poison]

   Base accuracy: +5 Base damage: 5 Base attack delay: 1.2 This weapon's minimum
   attack delay (0.6) is reached at skill level 12.
   rPois:     It protects you from poison MP+9: It affects your magic capacity
   (+9).
   Fly:       It grants you flight.
   Ice:       It increases the power of your Ice spells.
   Poison:    It increases the power of your Poison spells.
   It falls into the 'Staves' category.
   It is a one-handed weapon.
Jewellery
 u - a ring of protection from cold
 z - a +4 ring of protection
 A - a +4 ring of protection (left hand)
 G - a +5 ring of evasion
 H - a +6 ring of strength
 J - a ring of ice
 V - a ring of see invisible (right hand)
Talismans
 e - a maw talisman
Wands
 v - a wand of flame (32)
 B - a wand of paralysis (10)
Scrolls
 h - a scroll of revelation
 j - a scroll of teleportation
 n - 4 scrolls of enchant armour
 o - a scroll of vulnerability
 t - 2 scrolls of identify
 y - a scroll of fog
 C - a scroll of poison
Potions
 c - 2 potions of heal wounds
 f - a potion of might
 g - 2 potions of curing
 i - 2 potions of ambrosia
 k - 2 potions of attraction
 l - 4 potions of enlightenment
 E - a potion of magic
 F - a potion of berserk rage
 I - a potion of mutation {unknown}


   Skills:
 - Level 5.0 Fighting
 + Level 13.2 Short Blades
 - Level 1.0 Throwing
 - Level 1.0 Armour
 - Level 6.7 Dodging
 - Level 7.4 Stealth
 - Level 2.0 Spellcasting
 - Level 1.1 Ice Magic
 - Level 3.0 Evocations


You had 12 spell levels left.
You knew the following spells:

 Your Spells              Type           Power      Damage    Failure   Level
a - Freeze                Ice            12%        1d3       19%         1

Your spell library contained the following spells:

 Spells                   Type           Power      Damage    Failure   Level
 Necrotise                Necr           4%         1d4       28%         1
 Frozen Ramparts          Ice            6%         1d1       47%         3
 Hailstorm                Conj/Ice       2%         3d3       56%         3
 Vampiric Draining        Necr           1%         2d6       65%         3
 Animate Armour           Summ/Erth      2%         N/A       96%         4
 Petrify                  Tmut/Erth      1%         N/A       96%         4
 Summon Lightning Spire   Summ/Air       1%         N/A       96%         4
 Metabolic Englaciation   Hex/Ice        1%         N/A       99%         5
 Agony                    Necr           1%         N/A       100%        5
 Borgnjor's Vile Clutch   Necr/Erth      0%         N/A       100%        5
 Lee's Rapid Deconstruct  Erth           0%         3d4*      100%        5
 Death Channel            Necr           0%         N/A       100%        6
 Animate Dead             Necr           Unusable   N/A       N/A         4

Dungeon Overview and Level Annotations

Branches:
Dungeon (8/15)             Temple (1/1) D:5           Sewer (visited)
   Lair: D:8-11

Altars:
Ashenzari
Cheibriados
Dithmenos
Elyvilon
Fedhas
Gozag
Hepliaklqana
Kikubaaqudgha
Makhleb
Nemelex Xobeh
Okawaru
Qazlal
Ru
Sif Muna
Trog
Uskayaw
Wu Jian
Xom
Yredelemnul
Zin
The Shining One

Shops:
D:7 :


Message History

You hit the gnoll sergeant.
You kill the gnoll sergeant!
A killer bee comes into view.
You strike the helpless killer bee from behind!
You impale the killer bee!!
You kill the killer bee!
You now have 686 gold pieces (gained 20).
Things that are here:
a +0 spear; a +0 scale mail
As you read the scroll of revelation, it crumbles to dust.
You feel aware of your surroundings.
You sensed 2 shops/portals.
Found a scroll of identify.
Found a plate armour.
t - 2 scrolls of identify (gained 1)
Found 14 gold pieces.
An orc comes into view. It is wielding a +0 short sword.
A cyan ugly thing comes into view.
The cyan ugly thing gurgles horribly!
Found a stone.
Aiming: Mindburst
Press: ? - help, Shift-Dir - straight line, f - cyan ugly thing
Aim: a cyan ugly thing (chance to affect: 60%)
The cyan ugly thing resists with significant effort.
The orc shouts!
Aiming: Mindburst
Press: ? - help, Shift-Dir - straight line, f/p - cyan ugly thing
Aim: a cyan ugly thing (chance to affect: 60%)
The cyan ugly thing resists with significant effort.
The now-empty wand crumbles to dust.
The cyan ugly thing attacks as it pursues you!
The cyan ugly thing claws you. The cyan ugly thing shocks you!
The cyan ugly thing attacks as it pursues you!
The cyan ugly thing completely misses you.
The cyan ugly thing claws you! The cyan ugly thing shocks you!
The cyan ugly thing attacks as it pursues you!
The cyan ugly thing claws you!
* * * LOW HITPOINT WARNING * * *
The cyan ugly thing shocks you!
You die...
Your body crumbles into a pile of gold.

***,**,,,,,,,,,,,~*∩,,,>*~,*
***,**,,,,<,,,,*,~*******~,*
,,,,**.......,**,~~~~~~~~~,*
******....#..,**,,,,,,,,,,,*
*,,,.......,***,,**,*,****
*,**.......,* **,,,,,,*
***,**........* ***,,***
,,,,,,.......#######,**
,**,*#,#.#.#...u@..#,***
,**,*#.#......o.##.#,,,**
,,,,,,........#.#*,..*,,*****
,*,.##.##.##..#..(,,##*,,,,,*
,,,,..$.......###..#*,**,,*,*
**,.##.#####..#**.##,∩,**,,,*****
**,......[..#......#*,**,,,,,,,,,
,,,,####...#######..+**,,*,,,,,*,
***** ###.## **,,*,,,,,,,,,*,


You could see a cyan ugly thing and an orc.

Vanquished Creatures
  Maggie (D:6)
  A wraith (D:8)
  2 steam dragons
  Duvessa (D:4)
  An orc warrior (D:7)
  A water moccasin (D:8)
  A sky beast (D:7)
  A black bear (D:6)
  3 ogres
  2 phantoms (D:4)
  2 kobold brigands
  4 bullfrogs
  3 scorpions
  2 gnoll sergeants
  A wight (D:8)
  Dowan (D:4)
  A killer bee (D:8)
  A howler monkey (D:5)
  A lava snake (D:7)
  2 hounds
  A gnoll bouda (D:7)
  4 orc priests
  A jelly (D:7)
  Crazy Yiuf (D:4)
  4 iguanas
  A sleepcap (D:5)
  4 orc wizards
  Natasha (thrice) (D:2)
  A hound zombie (D:2)
  7 gnolls
  8 adders
  2 shadow imps (D:6)
  3 white imps
  4 ufetubi
  An adder zombie (D:2)
  An adder skeleton (D:2)
  4 worms
  A dart slug (D:3)
  23 orcs
  5 endoplasms
  A giant cockroach (D:3)
  9 goblins
  3 hobgoblins (D:4)
  7 jackals
  6 quokkas
  8 ball pythons
  A ball python skeleton (D:2)
  5 bats
  3 frilled lizards
  A giant cockroach zombie (D:2)
  9 kobolds
  A quokka skeleton (D:2)
  15 rats
180 creatures vanquished.

Vanquished Creatures (others)
  An acid dragon (D:8)
  A sky beast (D:6)
2 creatures vanquished.

Grand Total: 182 creatures vanquished

Notes
Turn   | Place    | Note
-------+----------+-------------------------------------------
     0 | D:1      | Armakuni the Human Wanderer began the quest for the Orb.
     0 | D:1      | Armakuni set off with the following items: a +0 dagger, a
                  | scroll of fog, a potion of berserk rage, a +0 leather
                  | armour, a wand of iceblast (3); and the following spell
                  | memorised: Freeze; and the following spells available to
                  | memorise: Hailstorm.
     0 | D:1      | Reached XP level 1. HP: 16/16 MP: 3/3
   197 | D:1      | Found a faded altar of an unknown god.
   315 | D:1      | Reached skill level 1 in Short Blades
   315 | D:1      | Reached XP level 2. HP: 12/22 MP: 5/5
   687 | D:1      | Reached skill level 2 in Short Blades
   724 | D:1      | Reached XP level 3. HP: 24/27 MP: 6/6
  1170 | D:2      | Found a glowing golden altar of the Shining One.
  1227 | D:2      | Reached skill level 3 in Short Blades
  1227 | D:2      | Reached XP level 4. HP: 24/33 MP: 1/7
  1231 | D:2      | Identified the orb of Misiolic {mayhem, rElec}
  1380 | D:2      | Noticed Natasha
  1393 | D:2      | Killed Natasha
  1530 | D:2      | Identified the +4 dagger of Earthquakes {pain, rPois rN+}
  1553 | D:2      | Noticed Natasha
  1564 | D:2      | Killed Natasha
  1565 | D:2      | Reached skill level 4 in Short Blades
  1565 | D:2      | Reached XP level 5. HP: 27/38 MP: 8/8
  2024 | D:2      | Noticed Natasha
  2033 | D:2      | Killed Natasha
  2034 | D:2      | Reached skill level 5 in Short Blades
  2288 | D:3      | Reached XP level 6. HP: 37/44 MP: 9/9
  2931 | D:3      | Found a glowing drain.
  2943 | Sewer    | Entered a sewer
  3056 | Sewer    | Reached skill level 6 in Short Blades
  3207 | Sewer    | Found a white marble altar of Elyvilon.
  3422 | D:4      | You fall into a shaft and drop 2 floors!
  3466 | D:5      | Entered Level 5 of the Dungeon
  3518 | D:4      | Identified the staff "Tuomn" {Fly rPois MP+9 Ice Poison}
  3551 | D:4      | Reached XP level 7. HP: 34/50 MP: 10/10
  3834 | D:4      | Found a stormy altar of Qazlal.
  4021 | D:4      | Found a runed translucent door.
  4022 | D:4      | Noticed Crazy Yiuf
  4031 | D:4      | Killed Crazy Yiuf
  4032 | D:4      | Reached skill level 7 in Short Blades
  4331 | D:4      | Found a glowing silver altar of Zin.
  4351 | D:4      | Noticed Duvessa
  4351 | D:4      | Noticed Dowan
  4361 | D:4      | Killed Duvessa
  4362 | D:4      | Reached skill level 8 in Short Blades
  4362 | D:4      | Reached XP level 8. HP: 23/57 MP: 11/11
  4362 | D:4      | Killed Dowan
  5182 | D:5      | Found a burning altar of Makhleb.
  5258 | D:5      | Reached skill level 5 in Fighting
  5326 | D:5      | Found a staircase to the Ecumenical Temple.
  5335 | D:5      | Reached skill level 9 in Short Blades
  5355 | D:5      | Reached XP level 9. HP: 45/68 MP: 12/12
  5367 | Temple   | Entered the Ecumenical Temple
  5475 | Temple   | Became a worshipper of Gozag Ym Sagoz the Greedy
  5798 | D:6      | Found an iron altar of Okawaru.
  5890 | D:6      | Noticed Maggie
  5896 | D:6      | Reached skill level 12 in Short Blades
  5896 | D:6      | Reached XP level 10. HP: 69/74 MP: 13/13
  6159 | D:6      | Killed Maggie
  6967 | D:7      | Found Okhloemu's Book Boutique.
  7048 | D:7      | Reached skill level 13 in Short Blades
  7559 | D:8      | Noticed a cyan ugly thing
  7566 | D:8      | Slain by a cyan ugly thing

Illustrated notes

Levels and vault maps discovered:
D:1:      nicolae_arrival_washed_ashore, layout_loops_cross,
          hellmonk_ecumenical_altar_pennies_from_heaven,
          chequers_serial_rivers_small_3, minmay_misc_feat_room, st_stairs_7,
          minmay_tree_intersection
D:2:      layout_basic, basic_altar, dilly_guarded_unrand_morg
D:3:      layout_rooms, portal_sewer_entry_e, glass_columns_c,
          chequers_serial_rivers_marsh, st_stairs_5
D:4:      layout_basic, general_overflow_altar, zin_treasury, uniq_duvessa,
          uniq_natasha, uniq_crazy_yiuf_cottage
D:5:      layout_loops_cross, mainiacjoe_overflow_24_doors,
          minmay_temple_entry_overgrown
D:6:      layout_cave_pools, okawaru_trees_1, uniq_maggie
D:7:      layout_loops_ring, serial_shops, shop, hangedman_decor_push,
          grunt_decor_junction, nicolae_grassy_gnolls
D:8:      minmay_distorted_concentric_squares, layout_loops_cross,
          enter_bailey_4, enter_ossuary_5, minmay_misc_feat_encased
Temple:   nicolae_temple_bog_church

Skill      XL: |  1  2  3  4  5  6  7  8  9 10 |
---------------+-------------------------------+-----
Short Blades   | 1 2 3 4 5 6 8 9 12 13 | 13.2
Fighting       | 5 |  5.0
Dodging        | 6 |  6.7
Stealth        | 7 |  7.4
Throwing       | |  1.0
Armour         | |  1.0
Spellcasting   | |  2.0
Ice Magic      | |  1.1
Evocations     | |  3.0

Action                     |  1- 3 |  4- 6 |  7- 9 | 10-12 || total
---------------------------+-------+-------+-------+-------++-------
  Melee: Dagger            |   124 |   293 |    95 |       ||   512
         Punch             |       |     1 |     7 |     5 ||    13
         Rapier            |       |       |   149 |   241 ||   390
   Cast: Freeze            |     4 |       |       |       ||     4
  Evoke: Wand              |     2 |     1 |     9 |     4 ||    16
    Use: Scroll            |     2 |     5 |     4 |     2 ||    13
         Potion            |       |     1 |     2 |     5 ||     8
   Stab: Sleeping          |     1 |     1 |     2 |     4 ||     8
         Confused          |       |       |     1 |       ||     1
         Distracted        |       |       |       |     2 ||     2
 Armour: Leather armour    |    94 |   191 |   130 |    23 ||   438
         Steam dragon scal |       |       |       |    91 ||    91
  Dodge: Dodged            |    75 |   170 |    96 |   129 ||   470

Table legend: (Time is in decaauts)
 A = Elapsed time spent in this place.
 B = Non-inter-level travel time spent in this place.
 C = Inter-level travel time spent in this place.
 D = Time resting spent in this place.
 E = Time spent auto-exploring this place.
 F = Levels seen in this place.
 G = Mean time per level.
                   A        B        C        D        E       F      G
               +--------+--------+--------+--------+--------+-----+--------+
         Total |   7399 |   7193 |    206 |    815 |   4396 |  10 |  739.9 |
       Dungeon |   6964 |   6768 |    196 |    586 |   4284 |   8 |  870.5 |
        Temple |    119 |    109 |     10 |     97 |      0 |   1 |  119.0 |
         Sewer |    314 |    314 |      0 |    132 |    112 |   1 |  314.0 |
               +--------+--------+--------+--------+--------+-----+--------+

Top non-repeatable levels by time:
     D:2: 1394 daAuts
     D:5: 1106 daAuts
     D:4: 1056 daAuts
     D:1: 1002 daAuts
     D:7: 822 daAuts
     D:3: 674 daAuts
     D:6: 658 daAuts
   Sewer: 314 daAuts
     D:8: 249 daAuts
  Temple: 119 daAuts
